[Event "*** Titled Tuesday Blitz"]
[Site "Chess.com"]
[Date "2020.05.12"]
[Round "7"]
[White "pedroholly22"]
[Black "Stewie_89"]
[Result "1-0"]
[WhiteElo "2466"]
[BlackElo "2608"]
[TimeControl "180+1"]
[EndTime "11:15:32 PDT"]
[Termination "pedroholly22 won by resignation"]

1. e4 Nf6 2. e5 Nd5 3. d4 d6 4.
Nf3 g6 5. Be2 Bg7 6. O-O O-O 7.
b3 Nc6 8. c4 Nb6 9. exd6 cxd6 10. Bb2 Bg4 11. h3 Bxf3 12. Bxf3 e5 13. Bxc6 bxc6 14.
Na3 e4 15. Rc1 f5 16. Qe2 d5 17. cxd5 cxd5 18. Nb5 Rf7 19. a4 a6 20. Na3 f4 21.
Qg4 Qd6 22. Nc2 h5 23. Qg5 Rf5 24. Ba3 Qxa3 25. Qxg6 Qf8 26. Qxb6 Rb8 27. Qe6+ Qf7 28. Qxf7+ Rxf7 29. b4 Rc7 30. b5 Rbc8 31. bxa6 Rxc2 32. Rxc2 Rxc2 33. a7 Rc8 34. Rb1 Bxd4 35. Rb8 Bxa7 1-0

[Event "*** Titled Tuesday Blitz"]
[Site "Chess.com"]
[Date "2020.05.12"]
[Round "7"]
[White "top_bu_tz"]
[Black "FM_VS99"]
[Result "1-0"]
[WhiteElo "2219"]
[BlackElo "2346"]
[TimeControl "180+1"]
[EndTime "11:15:32 PDT"]
[Termination "top_bu_tz won by resignation"]

1. e4 g6 2. d4 Bg7 3. Bc4 d6 4. Nc3 a6 5. Nf3 b5 6. Bb3 Bb7 7. Qe2 Nd7 8. O-O c5 9. dxc5 Nxc5 10. Bd5 Bxc3 11. bxc3 Nf6 12. Bxb7 Nxb7 13. Bh6 Ng4 14.
Bf4 O-O 15. h3 Nf6 16. Rad1 Qa5 17. e5 dxe5 18. Qxe5 Rfe8 19. Bh6 Qxa2 20. Rd7 Nc5 21. Rxe7 Ncd7 22. Qd6 Rxe7 23. Qxe7 Qxc2 24. Ne5 Qb3 25.
Nxd7 Nxd7 26. Qxd7 Qxc3 27. Rd1 Qc4 28. Qd8+ 1-0

[Event "*** Titled Tuesday Blitz"]
[Site "Chess.com"]
[Date "2020.05.12"]
[Round "7"]
[White "AGW2016"]
[Black "GreatOwl02"]
[Result "0-1"]
[WhiteElo "2138"]
[BlackElo "2345"]
[TimeControl "180+1"]
[EndTime "11:15:33 PDT"]
[Termination "GreatOwl02 won by checkmate"]

1. e4 c5 2. c3 d5 3. exd5 Qxd5 4. d4 Nf6 5. Nf3 Nc6 6. Be3 cxd4 7. cxd4 e6 8. Nc3 Qd8 9. Bd3 Be7 10. O-O O-O 11. Ne5 Nb4 12. Bb1 b6 13. a3 Nbd5 14. Nxd5 Nxd5 15. Qh5 g6 16. Nxg6 fxg6 17. Bxg6 Nf6 18. Qh6 hxg6 19. Qxg6+ Kh8 20. Bf4 Qxd4 21. Qh6+ Nh7 22.
Rae1 Qg7 23. Be5 Bf6 24. Bxf6 Rxf6 25. Qe3 Bb7 26. f3 Rg8 27. Re2 Rg6 28. Rff2 Ng5 29. Kf1 Rd8 30. Rd2 Rxd2 31. Rxd2 Rf6 32. Rd8+ Kh7 33.
Qd3+ Kh6 34. Rd7 Rf7 35. Rd6 Nxf3 36. Rxe6+ Kh5 37. Qe2 Qg4 38. Qb5+ Ng5+ 39. Kg1 Qxg2# 0-1

[Event "*** Titled Tuesday Blitz"]
[Site "Chess.com"]
[Date "2020.05.12"]
[Round "7"]
[White "GMJustin"]
[Black "Belka1989"]
[Result "1-0"]
[WhiteElo "2341"]
[BlackElo "2116"]
[TimeControl "180+1"]
[EndTime "11:15:35 PDT"]
[Termination "GMJustin won by resignation"]

1. d4 Nf6 2. c4 e5 3. dxe5 Ng4 4. e3 Nxe5 5. Nh3 d5 6. cxd5 Bxh3 7. gxh3 Bd6 8. Nc3 Qh4 9. Bg2 Nbd7 10. O-O h5 11. Nb5 Nf6 12. Nxd6+ cxd6 13. f4 Ned7 14. e4 O-O 15. Bd2 Nh7 16. Be1 Qf6 17. Qxh5 Qxb2 18. Bg3 Nhf6 19. Qf3 b6 20. Rab1 Qxa2 21. e5 Ne8 22. e6 fxe6 23. dxe6 Nc5 24. Qxa8 1-0

[Event "*** Titled Tuesday Blitz"]
[Site "Chess.com"]
[Date "2020.05.12"]
[Round "7"]
[White "WiktoriaPOL"]
[Black "dawtonlms"]
[Result "0-1"]
[WhiteElo "2001"]
[BlackElo "2407"]
[TimeControl "180+1"]
[EndTime "11:15:36 PDT"]
[Termination "dawtonlms won on time"]

1. c4 Nf6 2. Nc3 e6 3. e4 d5 4. e5 d4 5. exf6 dxc3 6. bxc3 Qxf6 7. Nf3 b6 8. d4 Bb7 9. Be2 h6 10. O-O Nd7 11. Be3 Bd6 12. Qd2 g5 13. h3 Rg8 14.
Nh2 h5 15. Bxh5 Qh8 16. Qe2 Nf6 17. Bf3 Bxf3 18. Qxf3 Rd8 19. Qc6+ Kf8 20. f3 Bxh2+ 21. Kxh2 g4 22. Rg1 Qh4 23. c5 Nd5 24. cxb6 axb6 0-1

[Event "*** Titled Tuesday Blitz"]
[Site "Chess.com"]
[Date "2020.05.12"]
[Round "7"]
[White "Perecke"]
[Black "eightbyeightchess"]
[Result "0-1"]
[WhiteElo "2202"]
[BlackElo "2387"]
[TimeControl "180+1"]
[EndTime "11:15:37 PDT"]
[Termination "eightbyeightchess won by checkmate"]

1. e4 d5 2. exd5 Nf6 3. d4 Bg4 4. Bb5+ c6 5. dxc6 Nxc6 6. f3 Bf5 7. Ne2 e6 8. O-O Bd6 9. c4 O-O 10. Bxc6 bxc6 11. Nbc3 Rb8 12. b3 c5 13. Bb2 Qc7 14. Kh1 Bxh2 15. Nb5 Rxb5 16. cxb5 Bd6 17. Rc1 Qe7 18.
dxc5 Bxc5 19. Bxf6 gxf6 20. Nd4 Bb6 21. Nxf5 exf5 22.
Re1 Qb4 23. Rc4 Qxb5 24. Qd3 f4 25. g4 Qg5 26. Re2 Qh4+ 27. Rh2 Qe1+ 28. Kg2 Qf2+ 29.
Kh1 Qg1# 0-1

[Event "*** Titled Tuesday Blitz"]
[Site "Chess.com"]
[Date "2020.05.12"]
[Round "7"]
[White "FMalexhdez"]
[Black "MathiasWomacka"]
[Result "0-1"]
[WhiteElo "2053"]
[BlackElo "2444"]
[TimeControl "180+1"]
[EndTime "11:15:39 PDT"]
[Termination "MathiasWomacka won by resignation"]

1. e4 c5 2. Nf3 d6 3. d4 cxd4 4. Nxd4 Nf6 5. Nc3 a6 6. h3 e6 7. g4 b5 8. Bg2 Bb7 9. g5 Nfd7 10. a3 Nc6 11. O-O Be7 12. Nxc6 Bxc6 13. f4 O-O 14. Be3 Rc8 15. h4 Nb6 16. f5 Nc4 17. Bd4 e5 18. f6 gxf6 19. gxf6 Bxf6 20. Bf2 Bxh4 21. Qg4+ Bg5 22.
Nd5 Bxd5 23. exd5 f5 24. Qh5 Nd2 25. Rfe1 Rxc2 26. Rac1 Rxc1 27. Rxc1 Nf3+ 28. Bxf3 Bxc1 29. Bh4 Qc7 30. Bg5 Qg7 0-1

[Event "*** Titled Tuesday Blitz"]
[Site "Chess.com"]
[Date "2020.05.12"]
[Round "7"]
[White "wanyaland"]
[Black "peixe64"]
[Result "1-0"]
[WhiteElo "2307"]
[BlackElo "2167"]
[TimeControl "180+1"]
[EndTime "11:15:39 PDT"]
[Termination "wanyaland won by resignation"]

1. d4 Nf6 2. c4 e6 3. Nc3 Bb4 4. Qc2 O-O 5. Nf3 b6 6. e4 d5 7. e5 Ne4 8. a3 Bxc3+ 9. bxc3 c5 10.
Bd3 Bb7 11. cxd5 exd5 12. Nd2 cxd4 13. Nxe4 dxe4 14. Bxe4 Nc6 15. Bxh7+ Kh8 16. Be4 Rc8 17. O-O d3 18. Qd1 g6 19. Re1 Re8 20. Bf4 Qe7 21.
Qxd3 Na5 22. Qh3+ Kg8 23. Bxb7 Nxb7 24. e6 fxe6 25. Be5 Qh7 26. Qg4 Nc5 27. Re3 Nd7 28. Bg3 Nf6 29. Qg5 Nd5 30. Rf3 Qe7 31. Qxe7 Rxe7 32.
Be5 Rc4 33. Re1 Rf7 34. Rh3 Rh7 35. Rg3 Kf7 36. h3 Rh5 37. Kh2 Rf5 38. f3 Nf4 39. Re3 Nd5 40. Re1 Nxc3 41. Rg4 Rxg4 42. hxg4 Rg5 43. Bxc3 Rc5 44. Bb4 1-0

[Event "*** Titled Tuesday Blitz"]
[Site "Chess.com"]
[Date "2020.05.12"]
[Round "7"]
[White "LLRChess"]
[Black "Durarbayli"]
[Result "0-1"]
[WhiteElo "2560"]
[BlackElo "2786"]
[TimeControl "180+1"]
[EndTime "11:15:40 PDT"]
[Termination "Durarbayli won by resignation"]

1. Nf3 c5 2. g3 Nc6 3. Bg2 g6 4. O-O Bg7 5. d3 d5 6. e4 Nf6 7. exd5 Nxd5 8. Nbd2 O-O 9. Nc4 b6 10. Re1 Bb7 11. c3 e6 12. Qc2 Qc7 13. a4 h6 14. h4 Rfd8 15. h5 g5 16. Nh2 Rd7 17. Ng4 Rad8 18. Bf1 Ba8 19. Kh2 Nde7 20. f4 Qb7 21.
Bg2 f5 22. Nxh6+ Bxh6 23. fxg5 Bg7 24. Rxe6 Rxd3 25. Bf4 Nd5 26. h6 Nxf4 27. gxf4 Qf7 28. Rae1 Qh5+ 29. Kg1 Rg3 30. Ne3 Nd4 31. cxd4 Bxd4 32. Kf1 Bxg2+ 0-1

[Event "*** Titled Tuesday Blitz"]
[Site "Chess.com"]
[Date "2020.05.12"]
[Round "7"]
[White "ARMQUEEN"]
[Black "SophieNikoladze"]
[Result "0-1"]
[WhiteElo "2330"]
[BlackElo "2157"]
[TimeControl "180+1"]
[EndTime "11:15:40 PDT"]
[Termination "SophieNikoladze won by checkmate"]

1. e4 d6 2. d4 Nf6 3. Nc3 e5 4. Nf3 exd4 5. Nxd4 Be7 6. Bc4 O-O 7. O-O a6 8. a4 Nxe4 9. Nxe4 d5 10. Bd3 dxe4 11.
Bxe4 Bf6 12. Be3 Nd7 13. c3 Re8 14. Bf3 Ne5 15. Be2 c5 16. Nb3 c4 17. Nd4 Qc7 18. Qc2 Bd7 19. Rad1 b5 20. axb5 axb5 21. Nf5 Red8 22.
Ng3 Ng4 23. Bd4 Qf4 24. Bxf6 Nxf6 25. Rd4 Qc7 26. Bf3 Bc6 27. Bxc6 Qxc6 28. Rh4 g6 29.
Rf4 Nd5 30. Rd4 f5 31. Rfd1 Rd7 32. h3 Rad8 33. h4 Nf4 34. Qd2 Qxg2# 0-1

[Event "*** Titled Tuesday Blitz"]
[Site "Chess.com"]
[Date "2020.05.12"]
[Round "7"]
[White "Logman74"]
[Black "Azatic"]
[Result "0-1"]
[WhiteElo "2377"]
[BlackElo "2572"]
[TimeControl "180+1"]
[EndTime "11:15:44 PDT"]
[Termination "Azatic won on time"]

1. e4 c5 2. Nf3 e6 3. d4 cxd4 4.
Nxd4 a6 5. Bd3 Qc7 6. O-O Nf6 7.
Nc3 Be7 8. Be3 b5 9. f4 d6 10. a3 Bb7 11. Qf3 Nbd7 12. Qh3 Nc5 13. Rae1 h5 14.
Kh1 Ncxe4 15. Nxe4 Nxe4 16. Nxe6 fxe6 17. Qxe6 d5 18.
Qg6+ Kf8 19. Bd4 Bf6 20. Rxe4 Rh6 21. Qf5 dxe4 22. Bxe4 Bxe4 23. Qxe4 Re8 24. Qd5 Bxd4 0-1

[Event "*** Titled Tuesday Blitz"]
[Site "Chess.com"]
[Date "2020.05.12"]
[Round "7"]
[White "124chess"]
[Black "PlayChessSimple"]
[Result "1-0"]
[WhiteElo "2782"]
[BlackElo "2496"]
[TimeControl "180+1"]
[EndTime "11:15:45 PDT"]
[Termination "124chess won by resignation"]

1. e4 e6 2. d3 d5 3. Nd2 c5 4.
Ngf3 Nc6 5. g3 g6 6. Bg2 Bg7 7. O-O Nge7 8. Re1 b6 9. e5 Qc7 10. Qe2 g5 11. h3 Ng6 12. Nf1 h6 13. c4 Ngxe5 14. cxd5 Nxf3+ 15. Qxf3 Nd4 16. Qd1 Bb7 17. Ne3 O-O 18. Qh5 Rad8 19. Ng4 Nf5 20. h4 Bxd5 21. hxg5 Bxg2 22. gxh6 Bd4 23. Kxg2 Rd5 24. Bf4 Qc6 25. Qg5+ Kh8 26. Re4 Nxg3 27. Be5+ Bxe5 28. Nxe5 Nf5 29.
Qf6+ Kh7 30. Nxc6 Rh8 31. Qxf7+ 1-0

[Event "*** Titled Tuesday Blitz"]
[Site "Chess.com"]
[Date "2020.05.12"]
[Round "7"]
[White "silverback96"]
[Black "Filip_Covic"]
[Result "1-0"]
[WhiteElo "2261"]
[BlackElo "2447"]
[TimeControl "180+1"]
[EndTime "11:15:45 PDT"]
[Termination "silverback96 won by resignation"]

1. Nf3 c5 2. g3 g6 3. Bg2 Bg7 4. O-O d6 5. c3 Nf6 6. d4 Qc7 7. Re1 O-O 8. e4 b6 9. d5 Bb7 10. Bf4 b5 11. a4 a6 12. Na3 Qb6 13. Bf1 b4 14. Nc4 Qc7 15. a5 Nbd7 16. cxb4 cxb4 17. Rc1 Nc5 18. Nb6 Rad8 19. Nd4 Nh5 20. Be3 e5 21. Nc6 Bxc6 22. Bxc5 dxc5 23. Rxc5 Rd6 24. Qc2 b3 25.
Rxc6 Rxc6 26. Qxc6 Qe7 27. Bxa6 Qb4 28. Qc3 Qe7 29. Be2 Qg5 30. Bxh5 Qxh5 31. a6 f5 32. a7 f4 33. a8=Q f3 34. Qxf8+ Bxf8 35. Re3 Bb4 36. Qxb3 Qh3 37. Rxf3 Bc5 38. d6+ Kg7 39.
Qf7+ Kh6 40. Qf8+ Kg5 41. d7 Bxf8 42. d8=Q+ Kh6 43. Qxf8+ Kg5 44. Qf6+ Kh5 45. Qxe5+ Kh6 46. Qf4+ g5 47. Qf6+ Kh5 48. Qf7+ Kg4 49. Qf5+ Kh5 50. Qxh3+ Kg6 51. e5 Kg7 52. Rf6 1-0

[Event "*** Titled Tuesday Blitz"]
[Site "Chess.com"]
[Date "2020.05.12"]
[Round "7"]
[White "krasavetc"]
[Black "dosto07"]
[Result "1/2-1/2"]
[WhiteElo "2278"]
[BlackElo "2059"]
[TimeControl "180+1"]
[EndTime "11:15:46 PDT"]
[Termination "Game drawn by stalemate"]

1. e4 e5 2. Nf3 Nc6 3. Bc4 Bc5 4. d4 Bxd4 5. c3 Bc5 6. b3 Nf6 7. b4 Bb6 8. b5 Na5 9. Nxe5 Nxc4 10.
Nxc4 Nxe4 11. Nxb6 axb6 12. Qd4 O-O 13. O-O Nc5 14.
Bb2 Na4 15. Ba3 d6 16. Nd2 Bf5 17. Rfe1 Re8 18. Nc4 Qf6 19. Qxf6 gxf6 20. Rxe8+ Rxe8 21. Bxd6 cxd6 22. Nxd6 Re5 23. f4 Rd5 24. Nxf5 Re5 25. fxe5 Nxc3 26. exf6 h5 27. Rc1 Ne2+ 28. Kf2 Nxc1 29.
Ne7+ Kh7 30. Nd5 Nxa2 31. Nxb6 Nc3 32. Nd7 Nxb5 33. Nc5 Nd6 34. Ke3 Kg6 35. Nd7 b5 36. Kd4 Kf5 37. Kc5 Ne4+ 38. Kxb5 Nxf6 39. Nxf6 Kxf6 40. Kc5 Ke5 41. Kc6 f5 42. Kd7 h4 43. Ke7 f4 44. Kf7 Kf5 45. h3 f3 46.
gxf3 Kf4 47. Ke6 Kxf3 48. Kd5 Kg3 49. Ke4 Kxh3 50. Kf3 Kh2 51. Kf2 h3 52. Kf1 Kh1 53. Kf2 h2 54. Kf1 1/2-1/2

[Event "*** Titled Tuesday Blitz"]
[Site "Chess.com"]
[Date "2020.05.12"]
[Round "7"]
[White "narutosmith"]
[Black "TudorAnton"]
[Result "0-1"]
[WhiteElo "2278"]
[BlackElo "2483"]
[TimeControl "180+1"]
[EndTime "11:15:47 PDT"]
[Termination "TudorAnton won on time"]

1. c4 c5 2. Nc3 Nf6 3. g3 e6 4. Nf3 b6 5. Bg2 Bb7 6. O-O a6 7. a3 Qc7 8. d4 cxd4 9. Qxd4 Nc6 10. Qh4 h6 11. Bf4 e5 12. Be3 Ne7 13. g4 g5 14.
Qg3 Ng6 15. Rac1 Bc5 16. Bxc5 Qxc5 17. Nd5 Bxd5 18. cxd5 Qd6 19. Nd2 b5 20. Ne4 Nxe4 21. Bxe4 Nf4 22. Qf3 O-O 23. e3 Ng6 24. Qf5 Rac8 25. h4 gxh4 26. Qh5 Qf6 27. Qxh6 Rc4 28. Rxc4 bxc4 29. Rc1 Rc8 30. Rc3 Qg7 31. Qxg7+ Kxg7 32. b3 Rb8 33. b4 Rc8 34. Bb1 Ne7 35. Ba2 Nxd5 36.
Rxc4 Rxc4 37. Bxc4 Nc7 38. Kg2 d5 39. Bd3 Nb5 40. Bxb5 axb5 41. Kh3 d4 42. Kg2 d3 43. Kf1 h3 0-1

[Event "*** Titled Tuesday Blitz"]
[Site "Chess.com"]
[Date "2020.05.12"]
[Round "7"]
[White "queen_iryna"]
[Black "grandcoach"]
[Result "1-0"]
[WhiteElo "2320"]
[BlackElo "2035"]
[TimeControl "180+1"]
[EndTime "11:15:47 PDT"]
[Termination "queen_iryna won by resignation"]

1. d4 Nf6 2. Bg5 Ne4 3. Bf4 c5 4.
f3 Nf6 5. dxc5 Na6 6. e4 Nxc5 7. Nc3 d6 8. Qd2 g6 9. O-O-O Bg7 10. g4 Be6 11. Bb5+ Nfd7 12. Bh6 O-O 13. h4 a6 14.
Bxd7 Qxd7 15. Bxg7 Kxg7 16. h5 g5 17. Qxg5+ Kh8 18.
Nge2 Rac8 19. Nd4 f6 20. Qe3 Bg8 21. Nf5 Na4 22. Qh6 Rf7 23. Nh4 Rg7 24. Ng6+ Rxg6 25. hxg6 e5 26. g7+ Qxg7 27. Qxg7+ Kxg7 28. Nxa4 1-0

[Event "*** Titled Tuesday Blitz"]
[Site "Chess.com"]
[Date "2020.05.12"]
[Round "7"]
[White "Michaelson_11"]
[Black "tteshan"]
[Result "1-0"]
[WhiteElo "2013"]
[BlackElo "2183"]
[TimeControl "180+1"]
[EndTime "11:15:47 PDT"]
[Termination "Michaelson_11 won by resignation"]

1. e4 c5 2. Nf3 d6 3. d4 cxd4 4. Nxd4 Nf6 5. Nc3 e6 6. g4 a6 7.
h4 h6 8. Rg1 Nc6 9. Be3 Be7 10.
g5 hxg5 11. hxg5 Nd7 12. Qd2 Nxd4 13. Bxd4 b6 14. Bxg7 Rg8 15. Bd4 Bxg5 16. Be3 f6 17. Qxd6 Qe7 18. Qc6 Rb8 19. Bh3 Kf7 20. Bxg5 Rxg5 21.
Rxg5 fxg5 22. Rd1 Ne5 23. Qd6 Rb7 24. Qxe5 Rd7 25. Rxd7 Bxd7 26. Bg4 b5 27. Bh5+ Kg8 28. Nd5 Qd8 29. Nf6+ Kf8 30. Nxd7+ Qxd7 31. Qh8+ Ke7 32. Qg7+ Kd6 33. Qxd7+ Kxd7 34. Ke2 Kd6 35. Ke3 Ke5 36.
Be8 b4 37. c4 bxc3 38. bxc3 a5 39. c4 g4 40. Bh5 1-0

[Event "*** Titled Tuesday Blitz"]
[Site "Chess.com"]
[Date "2020.05.12"]
[Round "7"]
[White "ChessTraining77"]
[Black "KuzubovYuriy"]
[Result "0-1"]
[WhiteElo "2546"]
[BlackElo "2689"]
[TimeControl "180+1"]
[EndTime "11:15:48 PDT"]
[Termination "KuzubovYuriy won by resignation"]

1. e4 c6 2. d4 d5 3. e5 Bf5 4. Nf3 e6 5. Be2 Nd7 6. O-O Ne7 7. Nbd2 h6 8. a4 a5 9. Nb3 Nc8 10. Bd2 Bb4 11. c3 Be7 12. c4 dxc4 13. Bxc4 O-O 14. h3 Ncb6 15. Bxa5 Qb8 16. Bd3 Bxd3 17. Qxd3 Rc8 18.
Bxb6 Nxb6 19. a5 Nd5 20. Rfc1 Nc7 21. Nfd2 Rd8 22. Qe4 Nb5 23. Nc4 Qc7 24. Rd1 Bb4 25. Nc5 Nxd4 26. Nxb7 Qxb7 27. Rxd4 Rd5 28. Nd6 Bxd6 29.
exd6 Qxb2 30. Rxd5 Qxa1+ 0-1

[Event "*** Titled Tuesday Blitz"]
[Site "Chess.com"]
[Date "2020.05.12"]
[Round "7"]
[White "HanSchut"]
[Black "KaterinaMiroshnik"]
[Result "0-1"]
[WhiteElo "2225"]
[BlackElo "2461"]
[TimeControl "180+1"]
[EndTime "11:15:48 PDT"]
[Termination "KaterinaMiroshnik won by resignation"]

1. e4 e6 2. d4 d5 3. Nd2 Nf6 4. e5 Nfd7 5. f4 c5 6. c3 Nc6 7. Ndf3 a6 8. Bd3 b5 9. Ne2 Qb6 10. O-O g6 11. Kh1 Bb7 12. g4 h5 13. f5 gxf5 14. gxf5 O-O-O 15. fxe6 fxe6 16. Ng5 Ncxe5 17. dxe5 Nxe5 18. Nf4 d4+ 19. Be4 Bxe4+ 20. Nxe4 Qc6 21. Qe1 d3 22. Bd2 Bh6 23. Rd1 Rdf8 24. Qe3 Kb8 25. Rde1 Nd7 26. Qg3 e5 27. Ng6 Rxf1+ 28. Rxf1 Qxe4+ 29. Qg2 Qxg2+ 30. Kxg2 Rg8 31. Bxh6 Rxg6+ 32. Kf3 Rxh6 33.
Ke4 Rd6 34. Rd1 c4 35. b3 Rg6 36. bxc4 bxc4 37. Kd5 Rg4 38. Ke6 Nc5+ 39. Kxe5 Ne4 40. Kf5 Nxc3 41. Rc1 d2 42. Rxc3 d1=Q 0-1

[Event "*** Titled Tuesday Blitz"]
[Site "Chess.com"]
[Date "2020.05.12"]
[Round "7"]
[White "Vamostodorecto"]
[Black "AndrewDGreen"]
[Result "1-0"]
[WhiteElo "2453"]
[BlackElo "2284"]
[TimeControl "180+1"]
[EndTime "11:15:48 PDT"]
[Termination "Vamostodorecto won by resignation"]

1. d4 Nf6 2. c4 g6 3. Nc3 Bg7 4. e4 d6 5. Be2 O-O 6. Nf3 Bg4 7.
O-O Nfd7 8. Be3 Nc6 9. d5 Bxf3 10. Bxf3 Na5 11. Be2 Bxc3 12. bxc3 e5 13. f4 exf4 14. Bxf4 f6 15. Bh6 Re8 16. Qd4 Qe7 17. Bg4 Ne5 18. Be6+ Kh8 19. Rab1 b6 20. Rb2 Naxc4 21. Rbf2 Rf8 22. g4 g5 23. Kh1 a5 24. h4 gxh4 25.
g5 c5 26. Qd1 Qe8 27. gxf6 Qg6 28. Bg7+ Qxg7 29. fxg7+ Kxg7 30. Rxf8 1-0

[Event "*** Titled Tuesday Blitz"]
[Site "Chess.com"]
[Date "2020.05.12"]
[Round "7"]
[White "chessuriel"]
[Black "barbara25"]
[Result "0-1"]
[WhiteElo "2152"]
[BlackElo "2297"]
[TimeControl "180+1"]
[EndTime "11:15:48 PDT"]
[Termination "barbara25 won by resignation"]

1. e4 c5 2. Nf3 d6 3. d4 cxd4 4. Nxd4 Nf6 5. Nc3 a6 6. Bc4 e6 7. Bb3 Be7 8. Qf3 Qc7 9. O-O Nc6 10. Nxc6 bxc6 11. Qg3 O-O 12. Bh6 Ne8 13. f4 Kh8 14. Bg5 Bxg5 15. Qxg5 f6 16. Qg4 Qe7 17. f5 e5 18. Rf3 g5 19. h4 Ng7 20. hxg5 fxg5 21.
f6 Bxg4 22. fxe7 Rxf3 23. gxf3 Bxf3 24. Rf1 g4 25. Bf7 Ne8 26. Ne2 Kg7 27. Bxe8 Rxe8 28. Ng3 Kf7 29. Nf5 Rxe7 30. Nxe7 Kxe7 31. Re1 Ke6 32.
Kf2 h5 33. Ke3 h4 34. Kf2 d5 35. exd5+ cxd5 36. c3 e4 37. Ke3 Ke5 38. Kf2 g3+ 39.
Kg1 h3 40. b3 h2+ 0-1

[Event "*** Titled Tuesday Blitz"]
[Site "Chess.com"]
[Date "2020.05.12"]
[Round "7"]
[White "VladimirBugayev"]
[Black "NormWeinstein"]
[Result "0-1"]
[WhiteElo "2147"]
[BlackElo "2409"]
[TimeControl "180+1"]
[EndTime "11:15:48 PDT"]
[Termination "NormWeinstein won on time"]

1. e4 c5 2. a3 Nf6 3. Nc3 d5 4. exd5 Nxd5 5. Bc4 e6 6. Qf3 Nf6 7. d3 Be7 8. Nge2 Nc6 9. O-O O-O 10. Ng3 Nd4 11.
Qd1 Bd7 12. Nce2 Nc6 13. Ne4 Rc8 14. N2g3 b6 15. Bd2 Ne5 16. Bb3 Bc6 17. f4 Neg4 18.
h3 Nxe4 19. Nxe4 Nf6 20. Nf2 Nd5 21. Qg4 Bf6 22. Rab1 Ne7 23. Bc3 Nf5 24. Rbe1 Nd4 25. Bxd4 Bxd4 26. Kh2 Bxb2 27. f5 Qd6+ 28. Kh1 exf5 29.
Qxf5 Qg6 30. Qf4 Bf6 31. Ne4 Bxe4 32. Rxe4 Qg5 33. Qf3 Kh8 34. Rg4 Qe5 35. Re4 Qd6 36. Qh5 Rc7 0-1

[Event "*** Titled Tuesday Blitz"]
[Site "Chess.com"]
[Date "2020.05.12"]
[Round "7"]
[White "2008king"]
[Black "zivicd"]
[Result "1-0"]
[WhiteElo "2103"]
[BlackElo "2249"]
[TimeControl "180+1"]
[EndTime "11:15:51 PDT"]
[Termination "2008king won on time"]

1. e4 c5 2. Nf3 e6 3. d4 cxd4 4. Nxd4 a6 5. Nc3 Qc7 6. Be3 Nf6 7. Be2 Bb4 8. O-O Bxc3 9. bxc3 Nxe4 10. Bf3 Nxc3 11.
Qd3 O-O 12. Bd2 Na4 13. Bb4 Nc5 14. Qc3 d6 15. Nb3 Nbd7 16. Rfd1 a5 17. Bxa5 Qb8 18.
Nxc5 Nxc5 19. Rab1 Bd7 20. Bb4 Rc8 21. Bxc5 Rxc5 22.
Qe3 Bc6 23. Bxc6 Rxc6 24. Qb3 Ra7 25. Rd4 Qc7 26. c4 h6 27. Rg4 Rc5 28. Qb2 Re5 29.
f4 1-0

[Event "*** Titled Tuesday Blitz"]
[Site "Chess.com"]
[Date "2020.05.12"]
[Round "7"]
[White "Firouzja2003"]
[Black "VladDobrov"]
[Result "1-0"]
[WhiteElo "3152"]
[BlackElo "2766"]
[TimeControl "180+1"]
[EndTime "11:15:53 PDT"]
[Termination "Firouzja2003 won on time"]

1. e4 e5 2. Nf3 Nc6 3. Bb5 Nf6 4. d3 Bc5 5. Bxc6 dxc6 6. Nbd2 Qe7 7. Nc4 Nd7 8. O-O f6 9. Kh1 Nb6 10. Na5 O-O 11.
a3 Rb8 12. b4 Bd6 13. Nh4 f5 14.
Nxf5 Bxf5 15. exf5 e4 16. Bb2 Rxf5 17. Qe2 Re8 18. g3 exd3 19. Qxd3 Qf7 20. f4 Nd5 21. Rae1 Rxe1 22. Rxe1 g5 23. Qd4 Nf6 24. Nxb7 gxf4 25. g4 1-0

[Event "*** Titled Tuesday Blitz"]
[Site "Chess.com"]
[Date "2020.05.12"]
[Round "7"]
[White "Enriquack"]
[Black "Yuri202062"]
[Result "0-1"]
[WhiteElo "2277"]
[BlackElo "2483"]
[TimeControl "180+1"]
[EndTime "11:15:55 PDT"]
[Termination "Yuri202062 won by resignation"]

1. e4 c5 2. Nf3 e6 3. d4 cxd4 4.
Nxd4 a6 5. Bd3 Nf6 6. O-O d6 7. c4 g6 8. Nc3 Bg7 9. Be3 O-O 10. f3 Nbd7 11. Qd2 d5 12. exd5 exd5 13. cxd5 Nb6 14. Be4 Nbxd5 15. Bf2 Nxc3 16. Qxc3 Nxe4 17. fxe4 Bd7 18.
Rad1 Qe7 19. Rfe1 Rac8 20. Qb3 Bg4 21. Rd3 Rfd8 22. h3 Be6 23. Nxe6 Rxd3 24. Qxd3 Qxe6 25. b3 h5 26. e5 Re8 27. Bg3 Qc6 28. Kh1 Re7 29.
Qd8+ Qe8 30. Qd6 Re6 31. Qd5 Qc6 32. Qd8+ Re8 33. Qd6 Qxd6 34. exd6 Rxe1+ 35. Bxe1 Kf8 36. Bh4 Ke8 37. Kg1 Kd7 38. Kf2 Kxd6 39. Kf3 Kd5 40. Ke3 f5 41. Bg5 Be5 42. Kd3 b5 43. a4 bxa4 44. bxa4 Kc5 45. Bd8 Kb4 46. a5 Kb5 47. g4 fxg4 0-1

[Event "*** Titled Tuesday Blitz"]
[Site "Chess.com"]
[Date "2020.05.12"]
[Round "7"]
[White "PavlovDanila"]
[Black "Muguet7"]
[Result "0-1"]
[WhiteElo "2679"]
[BlackElo "2492"]
[TimeControl "180+1"]
[EndTime "11:15:57 PDT"]
[Termination "Muguet7 won by checkmate"]

1. e4 c5 2. Nf3 e6 3. d4 cxd4 4. Nxd4 a6 5. Nc3 Qc7 6. g3 d6 7. Bg2 Bd7 8. O-O Nc6 9. Nb3 Nf6 10. Be3 Be7 11. f4 O-O 12. g4 b5 13. g5 Ne8 14.
Qh5 g6 15. Qh6 Ng7 16. Rf3 Rfc8 17. Rh3 Nh5 18. Rxh5 gxh5 19. f5 Ne5 20. f6 Bf8 21.
Qxh5 b4 22. Ne2 Qxc2 23. Rf1 Qd3 24. Bc1 Bb5 25. Nf4 Qc2 26. Re1 a5 27. Nd4 Qc4 28.
Nxb5 Qxb5 29. Be3 Rc2 30. Bf1 Qc6 31. Bg2 Rc8 32. b3 Qc3 33. Qd1 Rxa2 34. Bh3 Qc2 35. Qxc2 Rcxc2 36. Rf1 Rxh2 37. Bf2 Nf3# 0-1

[Event "*** Titled Tuesday Blitz"]
[Site "Chess.com"]
[Date "2020.05.12"]
[Round "7"]
[White "WonderChampion"]
[Black "Pintacara"]
[Result "0-1"]
[WhiteElo "1889"]
[BlackElo "2306"]
[TimeControl "180+1"]
[EndTime "11:15:57 PDT"]
[Termination "Pintacara won by checkmate"]

1. e4 c5 2. Nf3 e6 3. c4 d6 4. Be2 Nf6 5. Nc3 a6 6. O-O Nbd7 7. d4 cxd4 8. Nxd4 Qc7 9. Be3 b6 10. f4 Bb7 11. Bd3 g6 12. f5 gxf5 13. exf5 e5 14. Nde2 Rg8 15. Ng3 h5 16. Nce4 h4 17. Nxf6+ Nxf6 18. Qb3 hxg3 19. h3 Qc6 20. Qc2 Be7 21. b4 Rc8 22. a4 b5 23. axb5 axb5 24. Qe2 bxc4 25. Bc2 d5 26. Ba4 Ne4 27. Bxc6+ Bxc6 28. Ra6 Nc3 29. Qd2 d4 30. Bxd4 exd4 31. Qxd4 Ne2+ 32. Kh1 Nxd4 33. Rd1 Nxf5 34. Rf1 Ne3 35. Re1 Nd5 36. b5 Bxb5 37. Ra5 Bc6 38. Ra6 Nf4 39. Ra7 Ne6 40.
Ra6 c3 41. Ra2 Rg5 42. Rc2 Ba4 43. Rcc1 c2 44. Re2 Rd5 45. Rd2 Rxd2 46. Kg1 Rd1+ 47.
Rxd1 cxd1=Q# 0-1

[Event "*** Titled Tuesday Blitz"]
[Site "Chess.com"]
[Date "2020.05.12"]
[Round "7"]
[White "Gergo85"]
[Black "francyIM"]
[Result "1-0"]
[WhiteElo "2525"]
[BlackElo "2660"]
[TimeControl "180+1"]
[EndTime "11:15:58 PDT"]
[Termination "Gergo85 won by resignation"]

1. e4 c6 2. d4 d5 3. e5 Bf5 4.
h4 h5 5. Bd3 Bxd3 6. Qxd3 e6 7.
Bg5 Qa5+ 8. Nd2 c5 9. Nf3 Nc6 10. O-O cxd4 11. Nxd4 Nge7 12. Bxe7 Bxe7 13. Nxc6 bxc6 14.
g3 Qb4 15. b3 Rh6 16. c4 Rg6 17. Kh2 Rg4 18. Rad1 g5 19. f3 dxc4 20. Nxc4 Rd8 21. Nd6+ Rxd6 22. exd6 Rxg3 23. Kxg3 Qxh4+ 24. Kg2 g4 25. dxe7 Qh3+ 26. Kf2 Qh2+ 27. Ke1 Qe5+ 28. Qe2 Qg3+ 29.
Rf2 h4 30. fxg4 h3 31. Rd3 Qg1+ 32. Kd2 h2 33. Rxh2 1-0